 Dungeon Crawl Stone Soup version 0.24.0-29-g8ce449bc06 (webtiles) character file.

Game seed: 9877385032474986674, levelgen mode: deterministic

5027 vliron the Skirmisher (level 10, -8/94 HPs)
             Began as a Deep Dwarf Necromancer on Nov 4, 2019.
             Was an Elder of Kikubaaqudgha.
             Mangled by a slime creature (16 damage)
             ... on level 12 of the Dungeon on Nov 16, 2019.
             The game lasted 02:32:19 (12063 turns).

vliron the Skirmisher (Deep Dwarf Necromancer)     Turns: 12063, Time: 02:32:21

Health: -8/94      AC: 10    Str: 15    XL:     10   Next: 30%
Magic:  13/16      EV: 14    Int: 15    God:    Kikubaaqudgha [****..]
Gold:   311        SH:  0    Dex: 14    Spells: 2/17 levels left

rFire    . . .     SeeInvis .   a - +2 flail (crush)
rCold    . . .     Gourm    .   (no shield)
rNeg     . . .     Faith    .   L - +0 leather armour
rPois    .         Spirit   .   r - +2 helmet
rElec    .         Reflect  .   p - +1 cloak
rCorr    .         Harm     .   q - +0 pair of gloves
MR       +....                  (no boots)
Stlth    +++.......             (no amulet)
HPRegen  0.00/turn              A - +4 ring of slaying
MPRegen  0.15/turn              X - ring "Ysumeaji" {Wiz +Blink}

@: non-regenerating
A: damage resistance, heal wounds, sense surroundings 2, no regeneration
a: Heal Wounds, Receive Corpses, Renounce Religion, Evoke Blink


You were on level 12 of the Dungeon.
You worshipped Kikubaaqudgha.
Kikubaaqudgha was greatly pleased with you.
You were not hungry.

You visited 2 branches of the dungeon, and saw 11 of its levels.

You collected 575 gold pieces.
You spent 264 gold pieces at shops.

Inventory:

Hand Weapons
 a - a +2 flail of crushing (weapon)
 b - a +4 hunting sling
 s - a +3 mace
 u - a +0 falchion
 w - a +2 dagger of flaming
 B - a +0 dagger of draining
 J - a +0 hand crossbow
 N - a +0 hand axe
 O - a +0 trident
 Q - the cursed +0 mace "Hydraslayer" {flame, rF- rC+++ Int-2 Dex+6}
   (You took it off a centaur on level 6 of the Dungeon)

   It has been specially enchanted to burn those struck by it, causing extra
   injury to most foes and up to half again as much damage against particularly
   susceptible opponents.
   It affects your intelligence (-2).
   It affects your dexterity (+6).
   It makes you vulnerable to fire.
   It renders you almost immune to cold.
   It has a curse placed upon it.
 R - a +0 shortbow
Missiles
 i - 5 poisoned darts
 l - 276 stones
 y - 13 bolts
 C - 204 arrows
 K - 60 sling bullets
 V - 5 boomerangs (quivered)
 Z - 6 atropa-tipped darts
Armour
 d - a +0 robe
 p - a +1 cloak (worn)
 q - a +0 pair of gloves (worn)
 r - a +2 helmet (worn)
 L - a +0 leather armour (worn)
Jewellery
 A - a +4 ring of slaying (left hand)
 F - the amulet "Feriur" {Acrobat +Fly rElec Dex+2, unknown}
   (You found it on level 7 of the Dungeon)

   [amulet of the acrobat]

   It helps you evade while moving and waiting.
   It affects your dexterity (+2).
   It insulates you from electricity.
   It lets you fly.
 H - an uncursed ring of fire
 X - the ring "Ysumeaji" (right hand) {Wiz +Blink}
   (You found it on level 8 of the Dungeon)

   [ring of wizardry]

   It improves your spell success rate.
   It lets you blink.
Wands
 n - a wand of disintegration (11)
 T - a wand of flame (19)
 W - a wand of acid (8)
Scrolls
 e - 2 scrolls of immolation
 o - a scroll of amnesia {unknown}
 P - a scroll of torment {unknown}
 S - a scroll of enchant weapon {unknown}
 U - a scroll of fear {unknown}
Potions
 f - 2 potions of mutation {unknown}
 h - 3 potions of brilliance {unknown}
 j - a potion of ambrosia {unknown}
 m - 2 potions of curing
 t - a potion of haste
 v - 3 potions of flight {unknown}
 x - 3 potions of might
 z - 3 potions of heal wounds
 D - 3 potions of lignification
 E - a potion of invisibility {unknown}
 G - a potion of cancellation {unknown}
 I - a potion of agility {unknown}
 M - 4 potions of magic {unknown}
Miscellaneous
 g - a phantom mirror
Comestibles
 c - 19 rations


   Skills:
 + Level 7.4 Fighting
 - Level 3.9(4.0) Short Blades
 - Level 1.0(2.9) Long Blades
 - Level 1.7(2.1) Axes
 - Level 1.0(1.4) Maces & Flails
 - Level 1.0(1.3) Polearms
 - Level 3.0(3.6) Slings
 - Level 0.6 Bows
 - Level 1.0 Crossbows
 - Level 2.4(3.0) Throwing
 - Level 5.0 Armour
 - Level 5.0 Dodging
 - Level 6.1 Stealth
 - Level 0.7 Unarmed Combat
 - Level 4.0 Spellcasting
 - Level 3.0 Hexes
 + Level 5.5 Necromancy
 - Level 2.0 Ice Magic
 - Level 2.1 Evocations


You had 2 spell levels left.
You knew the following spells:

 Your Spells              Type           Power        Failure   Level  Hunger
a - Pain                  Necr           ###.         1%          1    None
b - Animate Dead          Necr           N/A          9%          4    ####...
c - Vampiric Draining     Necr           ###.......   2%          3    ###....
d - Ensorcelled Hibernat  Hex/Ice        ##....       4%          2    ##.....
e - Tukima's Dance        Hex            ##......     8%          3    ###....
f - Corona                Hex            ##.....      2%          1    None
z - Animate Skeleton      Necr           N/A          1%          1    None

Your spell library contained the following spells:

 Spells                   Type           Power        Failure   Level  Hunger
 Sublimation of Blood     Necr           ###.......   1%          2    ##.....
 Confuse                  Hex            ##......     8%          3    ###....
 Dazzling Spray           Conj/Hex       #.....       14%         3    ###....
 Agony                    Necr           ###.....     24%         5    ######.
 Dispel Undead            Necr           ###.....     24%         5    ######.
 Bolt of Draining         Conj/Necr      ##........   56%         5    ######.
 Excruciating Wounds      Chrm/Necr      ##........   56%         5    ######.
 Regeneration             Chrm/Necr      Unusable     N/A         3    N/A

Dungeon Overview and Level Annotations

Branches:
Dungeon (12/15)            Temple (1/1) D:5            Lair (0/6) D:9
    Orc: D:9-12

Altars:
Ashenzari
Cheibriados
Dithmenos
Elyvilon
Fedhas
Gozag
Hepliaklqana
Kikubaaqudgha
Makhleb
Nemelex Xobeh
Okawaru
Qazlal
Ru
Sif Muna
Trog
Uskayaw
Vehumet
Wu Jian
Xom
Yredelemnul
Zin
The Shining One
Beogh

Shops:
D:5 %   D:6 !%}   D:7 [

Annotations:
D:4 2 runed translucent doors, Sommings's ghost, novice MiBe


Innate Abilities, Weirdness & Mutations

You are resistant to damage.
You can heal yourself by infusing magical energy.
You passively map the area around you.
You do not regenerate.


Message History

The vampire mosquito is almost destroyed.
The vampire mosquito completely misses you.
Your +2 dagger of flaming stops flaming.
a - a +2 flail of crushing (weapon)
The vampire mosquito closely misses you.
You barely miss the vampire mosquito.
The vampire mosquito is almost destroyed.
The vampire mosquito bites you.
The vampire mosquito draws strength from your injuries!
The vampire mosquito bites you.
The vampire mosquito draws strength from your injuries!
The vampire mosquito bites you but does no damage.
You closely miss the vampire mosquito.
The vampire mosquito is almost destroyed.
The vampire mosquito barely misses you. The slime creature barely misses you.
The vampire mosquito bites you.
The vampire mosquito draws strength from your injuries!
The slime creature hits you!
You die...
Kikubaaqudgha rasps: "You have failed me!
Welcome... death!"

,,,...o....#,,*,,,,*****,,*,,,,*,
,,,........#,.9.,,,,,,,,,,,,,,,,,
,,,,.......#....**************,,,
,,,,.......#...,,,,,,,,,,,,,,,,,,
,,,**#.....#...,,,,,,,,,,,,,,,,,*
,,,*,#......#####################
,,,*,#...........................
,,,*,*#..........................
****,,#.........@................
,,,,,,#.........Jy...............
,,,,,,#..........................
,,,,,,#....#+###.................
,,,,,,#....#,,,#.................
***,,,#....#,,,#.................
,,*,,,#.)..#,,,#..######+#.......
,,*,,,#....#,,,+..#......#.......
,,****#....#,,,#..#......#.......


You could see a slime creature and a vampire mosquito.

Vanquished Creatures
  A troll (D:9)
  The ghost of Tartanist the Archer, an amateur CeHu of Qazlal (D:5)
  A slime creature (D:12)
  A spriggan (D:8)
  A wraith (D:12)
  A wyvern (D:8)
  2 vampire mosquitoes (D:12)
  Edmund (D:5)
  Duvessa (D:7)
  2 ice beasts
  3 sky beasts
  3 orc warriors
  2 phantoms
  5 ogres
  3 centaurs
  2 wolves (D:9)
  A big kobold (D:7)
  3 bullfrogs
  Dowan (D:7)
  A scorpion (D:9)
  A wyvern skeleton (D:8)
  A howler monkey (D:4)
  A crimson imp (D:9)
  A centaur zombie (D:9)
  4 orc priests
  7 hounds
  A gnoll shaman (D:7)
  9 orc wizards
  2 iguanas (D:4)
  2 centaur skeletons
  7 worker ants
  A killer bee zombie (D:8)
  4 hound skeletons
  A howler monkey skeleton (D:7)
  10 adders
  12 gnolls
  A river rat (D:5)
  A shadow imp (D:6)
  2 adder skeletons (D:4)
  An adder zombie (D:8)
  A worm (D:3)
  2 dart slugs
  5 leopard geckos
  45 orcs
  5 giant cockroaches
  2 gnoll zombies (D:3)
  6 goblins
  6 hobgoblins
  3 quokkas
  3 ball pythons
  7 bats
  4 frilled lizards (D:1)
  19 kobolds
  3 rats
216 creatures vanquished.

Vanquished Creatures (collateral kills)
  A wolf (D:9)
  2 electric eels (D:9)
  3 hounds (D:9)
  A gnoll (D:7)
  A worm (D:5)
  A dart slug (D:3)
  9 orcs
  A ball python (D:4)
  A giant cockroach (D:2)
  A goblin (D:2)
  A hobgoblin (D:2)
  2 kobolds
  A quokka (D:3)
  A bat (D:2)
  A frilled lizard (D:1)
  A rat (D:1)
28 creatures vanquished.

Grand Total: 244 creatures vanquished

Notes
Turn   | Place    | Note
-------+----------+-------------------------------------------
     0 | D:1      | vliron the Deep Dwarf Necromancer began the quest for the
                  | Orb.
     0 | D:1      | Reached XP level 1. HP: 15/15 MP: 3/3
   223 | D:1      | Reached XP level 2. HP: 20/22 MP: 0/5
   226 | D:1      | Learned a level 1 spell: Animate Skeleton
   701 | D:1      | Reached skill level 5 in Necromancy
  1000 | D:1      | Reached XP level 3. HP: 26/28 MP: 1/6
  1018 | D:1      | Learned a level 3 spell: Vampiric Draining
  1438 | D:2      | Found an ancient bone altar of Kikubaaqudgha.
  1449 | D:2      | Upgraded the game from 0.24.0-10-g970556be89 to
                  | 0.24.0-28-g17ded55e90
  1452 | D:2      | Became a worshipper of Kikubaaqudgha
  1957 | D:2      | Found a burning altar of Makhleb.
  1963 | D:2      | Reached skill level 1 in Short Blades
  1963 | D:2      | Reached XP level 4. HP: 35/37 MP: 7/7
  2484 | D:3      | Found a basalt altar of Yredelemnul.
  2713 | D:3      | Reached skill level 1 in Fighting
  2848 | D:3      | Found a hide-covered altar of Uskayaw.
  2978 | D:3      | Reached * piety under Kikubaaqudgha
  2978 | D:3      | Identified Kikubaaqudgha's Incunabulum of Dark Arts
                  | (Kikubaaqudgha gifted it to you on level 3 of the Dungeon)
  2978 | D:3      | Received a gift from Kikubaaqudgha
  3352 | D:4      | Reached XP level 5. HP: 21/45 MP: 8/8
  3438 | D:4      | Reached skill level 2 in Fighting
  3732 | D:4      | Noticed an ogre
  3913 | D:4      | Found a runed translucent door.
  3960 | D:4      | Reached skill level 5 in Stealth
  3960 | D:4      | Reached XP level 6. HP: 43/52 MP: 9/9
  3966 | D:4      | Learned a level 4 spell: Animate Dead
  4312 | D:4      | Noticed Sommings's ghost (novice MiBe)
  4352 | D:5      | Entered Level 5 of the Dungeon
  4366 | D:5      | Found a runed translucent door.
  4368 | D:5      | Noticed Tartanist's ghost (amateur CeHu)
  4388 | D:5      | Found a staircase to the Ecumenical Temple.
  4396 | Temple   | Entered the Ecumenical Temple
  4576 | D:5      | Reached skill level 1 in Maces & Flails
  4576 | D:5      | Reached skill level 1 in Polearms
  4833 | D:4      | Found a runed translucent door.
  4891 | D:5      | Noticed Edmund
  5061 | D:5      | Noticed a sky beast
  5067 | D:5      | Killed a sky beast
  5067 | D:5      | Reached skill level 3 in Fighting
  5067 | D:5      | Reached XP level 7. HP: 36/62 MP: 10/10
  5199 | D:5      | Reached skill level 4 in Fighting
  5353 | D:5      | Reached skill level 5 in Fighting
  5353 | D:5      | Reached XP level 8. HP: 51/74 MP: 1/11
  5495 | D:5      | Reached ** piety under Kikubaaqudgha
  6014 | D:5      | Found a runed translucent door.
  6033 | D:5      | Killed Edmund
  6033 | D:5      | Reached skill level 1 in Armour
  6057 | D:5      | Killed Tartanist's ghost
  6057 | D:5      | Reached skill level 6 in Fighting
  6242 | D:5      | Found Kusmeq's Food Boutique.
  6656 | D:6      | Found Wyodaol's Gadget Shoppe.
  6763 | D:6      | Reached skill level 1 in Axes
  6763 | D:6      | Reached skill level 1 in Crossbows
  6924 | D:6      | Found a shimmering altar of Xom.
  6924 | D:6      | Found a shattered altar of Ashenzari.
  6978 | D:6      | Identified the cursed +0 mace "Hydraslayer" {flame, rF-
                  | rC+++ Int-2 Dex+6}
  6994 | D:6      | Upgraded the game from 0.24.0-28-g17ded55e90 to
                  | 0.24.0-29-g8ce449bc06
  7284 | D:6      | Found Tigec's Food Emporium.
  7442 | D:6      | Reached *** piety under Kikubaaqudgha
  7442 | D:6      | Identified Kikubaaqudgha's Collected Works on Evil
                  | (Kikubaaqudgha gifted it to you on level 6 of the Dungeon)
  7442 | D:6      | Received a gift from Kikubaaqudgha
  7524 | D:6      | Gained mutation: You passively map the area around you.
                  | [Deep Dwarf growth]
  7524 | D:6      | Reached XP level 9. HP: 38/82 MP: 8/12
  7629 | D:6      | Found Bueruby's Distillery.
  7632 | D:6      | Bought a potion of curing for 36 gold pieces
  7632 | D:6      | Bought a potion of heal wounds for 60 gold pieces
  7632 | D:6      | Bought a potion of heal wounds for 60 gold pieces
  7632 | D:6      | Bought a potion of heal wounds for 60 gold pieces
  7632 | D:6      | Bought a potion of degeneration for 12 gold pieces
  7737 | D:6      | Bought a potion of lignification for 36 gold pieces
  7847 | D:7      | Reached skill level 5 in Dodging
  8083 | D:7      | Learned a level 2 spell: Ensorcelled Hibernation
  8237 | D:7      | Noticed Duvessa
  8237 | D:7      | Noticed Dowan
  8254 | D:7      | Killed Duvessa
  8254 | D:7      | Reached skill level 1 in Ice Magic
  8284 | D:7      | Reached skill level 1 in Hexes
  8439 | D:7      | Got a crude sapphire amulet
  8491 | D:7      | Reached skill level 5 in Armour
  8760 | D:7      | Killed Dowan
  8820 | D:7      | Found Obodacveseu's Armour Shoppe.
  9558 | D:8      | Got a sparkling steel ring
  9559 | D:8      | Identified the ring "Ysumeaji" {Wiz +Blink} (You found it
                  | on level 8 of the Dungeon)
  9997 | D:8      | Found a roughly hewn altar of Beogh.
 10122 | D:8      | Reached skill level 1 in Long Blades
 10122 | D:8      | Reached skill level 1 in Evocations
 10893 | D:9      | Found a white marble altar of Elyvilon.
 10971 | D:9      | Reached **** piety under Kikubaaqudgha
 11035 | D:9      | Learned a level 3 spell: Tukima's Dance
 11292 | D:9      | Noticed a troll
 11309 | D:9      | Reached XP level 10. HP: 66/92 MP: 6/16
 11312 | D:9      | Reached skill level 1 in Throwing
 11469 | D:9      | Found a staircase to the Lair.
 11499 | D:9      | Reached skill level 7 in Fighting
 11761 | D:9      | You fall into a shaft and drop 3 floors!
 11762 | D:12     | Noticed a manticore
 11826 | D:12     | Learned a level 1 spell: Corona
 11957 | D:12     | Noticed a gargoyle
 12063 | D:12     | Mangled by a slime creature

Levels and vault maps discovered:
D:1:      dpeg_arrival_boxes_within_box, layout_basic,
          hangedman_decor_clover_reticule
D:2:      layout_loops_ring, makhleb_blood_cavern_becter,
          kiku_gazebo_pond_becter
D:3:      layout_basic, lemuel_zombie_altar_yredelemnul, lemuel_doored_altar
D:4:      layout_basic, first_ration, ebering_ghost_sewer_f
D:5:      layout_layer_cave, minmay_temple_entry_tees, ebering_ghost_sewer_f,
          serial_shops, nicolae_shop_crystal, uniq_edmund
D:6:      layout_rooms, gammafunk_temple_overflow_statue, serial_shops,
          shop_statue, shop, kennysheep_mini_moat
D:7:      layout_basic, serial_shops, shop, uniq_duvessa
D:8:      layout_basic, special_room [special_room_orc], the_bakery
D:9:      layout_stronghold, erik_lair_island, elyvilon_altar_4
D:12:     minmay_containers, layout_irregular_city, serial_shops, shop, shop,
          shop
Temple:   kb_temple_of_zot

Skill      XL: |  1  2  3  4  5  6  7  8  9 10 |
---------------+-------------------------------+-----
Spellcasting   | 2 4 |  4.0
Necromancy     | 5 |  5.5
Stealth        | 3 5 6 |  6.1
Dodging        | 3 4 5 |  5.0
Short Blades   | 1 2 3 |  3.9
Fighting       | 1 2 3 5 6 7 |  7.4
Maces & Flails | 1 |  1.0
Polearms       | 1 |  1.0
Slings         | 2 3 |  3.0
Armour         | 4 5 |  5.0
Axes           | 1 |  1.7
Crossbows      | 1 |  1.0
Ice Magic      | 2 |  2.0
Hexes          | 2 3 |  3.0
Long Blades    | 1 |  1.0
Evocations     | 2 |  2.1
Throwing       | 2 |  2.4
Bows           | |  0.6
Unarmed Combat | |  0.7

Action                   |  1- 3 |  4- 6 |  7- 9 | 10-12 || total
-------------------------+-------+-------+-------+-------++-------
Melee: Dagger            |    13 |    27 |    10 |     8 ||    58
       Spear             |       |     7 |       |       ||     7
       Mace              |       |    16 |     7 |       ||    23
       Flail             |       |       |   101 |    30 ||   131
       Trident           |       |       |     4 |       ||     4
       Punch             |       |       |       |     1 ||     1
 Fire: Hunting sling     |       |       |    95 |    16 ||   111
Throw: Stone             |     5 |     6 |     1 |       ||    12
       Javelin           |     2 |     8 |     7 |       ||    17
       Boomerang         |       |       |    11 |     4 ||    15
       Dart              |       |       |     3 |       ||     3
 Cast: Pain              |    47 |    44 |     6 |       ||    97
       Animate Skeleton  |    14 |    13 |    43 |     3 ||    73
       Vampiric Draining |     4 |    29 |    97 |     8 ||   138
       Ensorcelled Hiber |       |       |     2 |     1 ||     3
Invok: Receive Corpses   |       |       |     1 |     1 ||     2
 Abil: Evoke Blink       |       |       |       |     5 ||     5
Evoke: Wand              |       |       |       |     3 ||     3
  Use: Scroll            |     2 |     7 |     5 |     2 ||    16
       Potion            |       |       |     1 |     5 ||     6
 Stab: Sleeping          |     5 |     8 |     5 |     2 ||    20
       Distracted        |     1 |       |       |       ||     1
  Eat: Chunk             |     5 |     7 |    20 |     4 ||    36
       Ration            |       |     2 |     4 |       ||     6
Armor: Robe              |     9 |    10 |    18 |       ||    37
       Leather armour    |       |       |    37 |    25 ||    62
       Skin              |       |       |       |    10 ||    10
Dodge: Dodged            |    17 |    53 |   171 |    68 ||   309
